 Dungeon Crawl Stone Soup version 0.28-a0-69-g49dcd67cf8 (webtiles) character file.

Game seed: 12089512254096365604

21717 mcsnuffy the Fighter (level 12, -2/67 HPs)
             Began as a Vine Stalker Conjurer on July 31, 2021.
             Was an Elder of Sif Muna.
             Slain by a lindwurm simulacrum (6 damage)
             ... in an ice cave on Aug 1, 2021.
             The game lasted 01:53:16 (18992 turns).

mcsnuffy the Fighter (Vine Stalker Conjurer)       Turns: 18992, Time: 01:53:17

Health: -2/67      AC:  9    Str: 11    XL:     12   Next: 92%
Magic:  0/26       EV: 17    Int: 22    God:    Sif Muna [****..]
Gold:   1022       SH:  0    Dex: 13    Spells: 13/29 levels left

rFire   x . .      SeeInvis .   x - +2 demon blade (elec)
rCold   + . .      Faith    .   (no shield)
rNeg    . . .      Spirit   +   N - +2 robe {Will+}
rPois   .          Reflect  .   O - +2 hat
rElec   .          Harm     .   V - +0 cloak
rCorr   .          Rampage  .   i - +0 pair of gloves
Will    ++...                   f - +0 pair of boots
Stlth   +++.......              (no amulet)
HPRegen 1.21/turn               E - +4 ring of evasion
MPRegen 0.20/turn               C - ring of ice

@: no status effects
A: fangs 3, regeneration 1, magic shield, antimagic bite, no potion heal 2
a: Renounce Religion, Channel Magic, Forget Spell, Divine Exegesis


You were in an ice cave.
You worshipped Sif Muna.
Sif Muna was greatly pleased with you.
You visited 3 branches of the dungeon, and saw 17 of its levels.
You also visited: Ice Cave.

You collected 1022 gold pieces.


Innate Abilities, Weirdness & Mutations

You have razor-sharp teeth.
Your natural rate of healing is unusually fast.
When hurt, damage is shared between your health and your magic reserves.
Your bite disrupts and absorbs the magic of your enemies.
Potions cannot restore your health.


   Skills:
 + Level 9.9 Fighting
 - Level 4.0(4.9) Short Blades
 - Level 4.2(5.0) Long Blades
 - Level 5.0 Dodging
 - Level 5.0 Stealth
 + Level 9.3 Spellcasting
 - Level 8.0 Conjurations
 - Level 5.0 Hexes
 - Level 3.0 Translocations
 - Level 2.0 Transmutations
 - Level 2.0 Air Magic
 - Level 2.0 Earth Magic
 - Level 7.0 Invocations
 - Level 4.0 Evocations


You had 13 spell levels left.
You knew the following spells:

 Your Spells              Type           Power      Damage    Failure   Level
a - Passwall              Tmut/Erth      15%        N/A       4%          2
f - Fulminant Prism       Conj/Hex       19%        3d11      4%          4
i - Swiftness             Air            19%        N/A       9%          3
m - Magic Dart            Conj           100%       1d8       1%          1
s - Searing Ray           Conj           90%        3d6       1%          2
X - Iskenderun's Mystic   Conj/Tloc      34%        2d8       7%          4

Your spell library contained the following spells:

 Spells                   Type           Power      Damage    Failure   Level
 Slow                     Hex            32%        N/A       1%          2
 Static Discharge         Conj/Air       32%        N/A       1%          2
 Dazzling Flash           Conj/Hex       76%        N/A       1%          3
 Confusing Touch          Hex            32%        N/A       2%          3
 Portal Projectile        Hex/Tloc       54%        N/A       3%          3
 Leda's Liquefaction      Hex/Erth       12%        N/A       16%         4
 Call Canine Familiar     Summ           10%        N/A       19%         3
 Ozocubu's Armour         Ice            15%        N/A       19%         3
 Yara's Violent Unravell  Hex/Tmut       12%        3d7       38%         5
 Lee's Rapid Deconstruct  Erth           9%         3d8*      61%         5
 Invisibility             Hex            16%        N/A       77%         6
 Starburst                Conj/Fire      13%        8x6d6     88%         6

Inventory:

Hand Weapons
 a - the +3 quarterstaff of Resourcefulness {venom, rElec rCorr Dex-3}
   (You found it on level 5 of the Dungeon)

   It poisons the flesh of those it strikes.
   Dex:       It affects your dexterity (-3).
   rElec:     It insulates you from electricity.
   rCorr:     It protects you from acid and corrosion.
 b - a +5 quick blade
 x - a +2 demon blade of electrocution (weapon)
Missiles
 K - 6 curare-tipped darts {=f}
Armour
 f - a +0 pair of boots (worn)
 i - a +0 pair of gloves (worn)
 q - +0 swamp dragon scales
 t - a +1 robe of positive energy
 N - a +2 robe of willpower (worn)
 O - a +2 hat (worn)
 V - a +0 cloak (worn)
Magical Staves
 r - a staff of earth {!a}
 L - a staff of conjuration {!a}
Jewellery
 d - a +6 ring of dexterity
 z - a ring of wizardry
 C - a ring of ice (right hand)
 D - a +6 ring of dexterity
 E - a +4 ring of evasion (left hand)
 M - a ring of magical power
 P - a ring of poison resistance
 S - a +6 ring of strength
Wands
 g - a wand of flame (13)
 s - a wand of polymorph (10)
 F - a wand of charming (8)
 R - a wand of iceblast (6)
Scrolls
 c - a scroll of enchant armour
 e - 2 scrolls of immolation
 h - a scroll of fog
 j - 4 scrolls of enchant weapon
 l - 3 scrolls of noise
 n - 2 scrolls of fear
 v - a scroll of amnesia
 y - a scroll of blinking {unknown}
 B - a scroll of vulnerability
 G - a scroll of magic mapping {unknown}
 U - 9 scrolls of teleportation {@r2}
Potions
 m - 3 potions of heal wounds {@q2}
 o - 4 potions of curing {@q1}
 p - 2 potions of cancellation {unknown}
 u - 2 potions of attraction {unknown}
 w - a potion of magic
 A - 3 potions of mutation {unknown}
 H - a potion of berserk rage {unknown}
 I - 2 potions of flight {unknown}
 J - a potion of lignification {unknown}
 Q - 2 potions of invisibility {unknown}
 T - a potion of resistance {unknown}
 Z - a potion of haste {unknown}
Miscellaneous
 k - a phial of floods

Dungeon Overview and Level Annotations

Branches:
Dungeon (13/15)            Temple (1/1) D:6            Lair (3/6) D:9
    Orc (0/2) D:9           IceCv (1/1)
  Swamp: Lair:2-4    Shoals: Lair:2-4     Snake: Lair:2-4    Spider: Lair:2-4
 Vaults: D:13-14

Altars:
Ashenzari
Cheibriados
Dithmenos
Elyvilon
Fedhas
Gozag
Hepliaklqana
Kikubaaqudgha
Makhleb
Nemelex Xobeh
Okawaru
Qazlal
Ru
Sif Muna
Trog
Uskayaw
Vehumet
Wu Jian
Xom
Yredelemnul
Zin
The Shining One

Portals:
Trove: D:10 (give +4 storm dragon scales)

##..............
###...........#
###........##
###....###
##..### ###..##
######...##
##......###
##@Z..#### ####
### ##✱.####
.$$[ ##.###.D##
..$D #....#.##
.... #.##...#
.... ###.✱#####
...Z###.##...#
..k..#..†...##
#.....✱####


You could see an ice dragon (catching breath, ally target), a lindwurm
simulacrum and a friendly fulminant prism.


Message History

Your bite misses the ice dragon.
The ice dragon is severely wounded.
The ice dragon bites you. The ice dragon misses you.
The ice dragon closely misses you.
Your fulminant prism crackles loudly.
You barely miss the ice dragon.
You bite the ice dragon, but do no damage.
The ice dragon is severely wounded.
The ice dragon bites you but does no damage.
The ice dragon barely misses you. The ice dragon tramples you.
* * * LOW HITPOINT WARNING * * *
You stumble backwards!
Your fulminant prism explodes!
Casting: Fulminant Prism (dangerous; 4% risk of failure)
Confirm with . or Enter, or press ? or * to list all spells.
Aiming: Fulminant Prism (dangerous; 4% risk of failure)
Press: ? - help, Dir - move target You conjure a prism of explosive energy!
A fulminant prism comes into view.
The ice dragon breathes frost at you. The blast of cold hits you! You resist.
* * * LOW HITPOINT WARNING * * *
The blast of cold hits the lindwurm simulacrum.
The lindwurm simulacrum completely resists.
The ice dragon breathes frost at you. The blast of cold hits you!! You resist.
* * * LOW HITPOINT WARNING * * *
The lindwurm simulacrum completely misses you.
The lindwurm simulacrum misses you. The lindwurm simulacrum claws you.
You die...

Skill      XL: |  1  2  3  4  5  6  7  8  9 10 11 12 |
---------------+-------------------------------------+-----
Conjurations   | 5 6 7 8 |  8.0
Fighting       | 2 4 5 6 7 9 |  9.9
Spellcasting   | 3 4 5 6 9 |  9.3
Dodging        | 3 5 |  5.0
Stealth        | 5 |  5.0
Invocations    | 3 6 7 |  7.0
Evocations     | 4 |  4.0
Hexes          | 2 4 5 |  5.0
Transmutations | 2 |  2.0
Earth Magic    | 2 |  2.0
Air Magic      | 1 2 |  2.0
Translocations | 2 3 |  3.0
Short Blades   | 2 4 |  4.0
Long Blades    | 4 |  4.2

Action                   |  1- 3 |  4- 6 |  7- 9 | 10-12 || total
-------------------------+-------+-------+-------+-------++-------
Melee: Unarmed           |    44 |       |       |       ||    44
       Bite              |    12 |    20 |     5 |    27 ||    64
       Dagger            |       |    60 |     5 |       ||    65
       Quarterstaff      |       |       |    16 |     3 ||    19
       Quick blade       |       |       |       |    14 ||    14
       Staff             |       |       |       |    13 ||    13
       Demon blade       |       |       |       |    62 ||    62
Throw: Dart              |       |       |     4 |    16 ||    20
 Cast: Magic Dart        |    77 |    60 |   179 |   223 ||   539
       Searing Ray       |       |     7 |    36 |    83 ||   126
       Fulminant Prism   |       |       |       |    54 ||    54
       Swiftness         |       |       |       |     2 ||     2
Invok: Channel Magic     |       |       |       |     1 ||     1
Evoke: Wand              |       |       |       |     4 ||     4
  Use: Scroll            |       |     1 |     5 |    10 ||    16
       Potion            |       |       |       |     2 ||     2
 Stab: Sleeping          |       |     5 |     1 |       ||     6
Armor: Robe              |    16 |    12 |     6 |    95 ||   129
       Steam dragon scal |       |       |    23 |       ||    23
Dodge: Dodged            |    34 |    36 |    47 |   200 ||   317
       Rpst.: Demon blade |       |       |       |     9 ||     9

Levels and vault maps discovered:
D:1:      noname_arrival_rooms_in_the_neighbourhood, layout_basic,
          serial_bayou_pond_d, minmay_stone_trees_medium, minmay_pentomino_x2
D:2:      layout_loops_ring, basic_ecumenical_altar, minmay_misc_feat_square,
          wad_orctagon
D:3:      layout_loops_ring, elyvilon_altar_1, serial_aquarium,
          aquarium_bridge_square [aquarium_subvault_bridge,
          aquarium_subvault_bridge, aquarium_subvault_bridge,
          aquarium_subvault_bridge], aquarium_window_corridor_2,
          aquarium_window_fake, aquarium_window_1, aquarium_view_2g,
          aquarium_balcony_3a, aquarium_pool_corner, minmay_misc_feat_alley,
          saegor_snake_ambush, uniq_grinder
D:4:      layout_loops_ring, kennysheep_dice, uniq_menkaure
D:5:      layout_basic, uniq_prince_ribbit1
D:6:      kennysheep_steamy, layout_basic, minmay_temple_entry_wispy
D:7:      layout_loops_ring
D:8:      layout_loops_corners
D:9:      layout_irregular_city, lair_entry_dummy, erik_orc_1, enter_bailey_5,
          uniq_gastronok
D:10:     layout_gridville, nicolae_trove_entry_crystal, uniq_grum, uniq_snorg
D:11:     layout_basic
D:12:     layout_cave_pods
D:13:     minmay_chopped_fan, layout_gridville
Temple:   grunt_wide_crystal_templ
Lair:1:   layout_layer_cave, uniq_maggie
Lair:2:   layout_loops_ring, nzn_random_ring
Lair:3:   layout_chaotic_city, portal_ice_cave_entry_imps,
          chequers_serial_rivers_small_3
IceCv:    ice_cave_small_dragons

Notes
Turn   | Place    | Note
-------+----------+-------------------------------------------
     0 | D:1      | mcsnuffy the Vine Stalker Conjurer began the quest for the
                  | Orb.
     0 | D:1      | Reached XP level 1. HP: 9/9 MP: 4/4
   153 | D:1      | Reached XP level 2. HP: 10/13 MP: 1/6
   715 | D:1      | Reached XP level 3. HP: 16/16 MP: 5/7
  1033 | D:1      | Reached skill level 5 in Conjurations
  1366 | D:2      | Found a faded altar of an unknown god.
  1636 | D:2      | You fall into a shaft and drop 1 floor!
  1886 | D:2      | Gained mutation: Your natural rate of healing is unusually
                  | fast. [Vine Stalker growth]
  1886 | D:2      | Reached XP level 4. HP: 16/21 MP: 0/8
  2226 | D:2      | Learned a level 2 spell: Searing Ray
  3115 | D:3      | Found a white marble altar of Elyvilon.
  3169 | D:3      | Reached skill level 6 in Conjurations
  3304 | D:3      | Reached XP level 5. HP: 25/25 MP: 9/9
  3426 | D:3      | Noticed Grinder
  3464 | D:4      | Noticed a phantom
  3470 | D:4      | Reached skill level 1 in Fighting
  3470 | D:4      | Killed a phantom
  3471 | D:4      | Reached skill level 2 in Fighting
  3582 | D:3      | Reached XP level 6. HP: 27/30 MP: 1/10
  3624 | D:4      | Noticed Menkaure
  3632 | D:4      | Killed Menkaure
  3771 | D:4      | You fall into a shaft and drop 3 floors!
  3772 | D:7      | Noticed a sky beast
  3788 | D:6      | Reached skill level 3 in Spellcasting
  3904 | D:6      | Reached XP level 7. HP: 35/35 MP: 8/12
  3936 | D:6      | Found a staircase to the Ecumenical Temple.
  3943 | Temple   | Entered the Ecumenical Temple
  4038 | Temple   | Became a worshipper of Sif Muna the Loreminder
  4082 | D:6      | Reached skill level 3 in Fighting
  4082 | D:6      | Reached skill level 7 in Conjurations
  4285 | D:6      | Reached skill level 4 in Spellcasting
  4492 | D:6      | Reached skill level 4 in Fighting
  4518 | D:6      | Gained mutation: You have razor-sharp teeth. [Vine Stalker
                  | growth]
  4518 | D:6      | Reached XP level 8. HP: 37/42 MP: 0/15
  4693 | D:6      | Reached skill level 2 in Dodging
  4883 | D:6      | Reached skill level 8 in Conjurations
  4988 | D:6      | Reached skill level 3 in Dodging
  4988 | D:6      | Reached skill level 3 in Stealth
  5125 | D:6      | Reached skill level 4 in Stealth
  5486 | D:6      | Reached skill level 5 in Stealth
  5486 | D:6      | Reached skill level 1 in Invocations
  5493 | D:6      | HP: 3/42 [something/ball of steam (24)]
  5507 | D:6      | Reached skill level 3 in Invocations
  5680 | D:5      | Entered Level 5 of the Dungeon
  5681 | D:5      | Identified the +3 quarterstaff of Resourcefulness {venom,
                  | rElec rCorr Dex-3}
  5733 | D:5      | Noticed Prince Ribbit
  5879 | D:5      | Reached skill level 5 in Spellcasting
  5924 | D:5      | Reached XP level 9. HP: 45/45 MP: 9/18
  6072 | D:5      | Reached skill level 6 in Spellcasting
  6075 | D:5      | Killed Prince Ribbit
  6076 | D:5      | Reached skill level 5 in Fighting
  6200 | D:5      | Reached skill level 1 in Evocations
  6390 | D:5      | Reached * piety under Sif Muna
  7021 | D:4      | Reached skill level 2 in Evocations
  7460 | D:3      | Killed Grinder
  7461 | D:3      | Reached skill level 3 in Evocations
  8016 | D:7      | Learned a level 2 spell: Passwall
  8021 | D:7      | Learned a level 4 spell: Fulminant Prism
  8186 | D:7      | Reached skill level 4 in Evocations
  8313 | D:7      | Reached skill level 1 in Hexes
  8313 | D:7      | Reached skill level 1 in Transmutations
  8313 | D:7      | Reached skill level 1 in Earth Magic
  8651 | D:7      | Got the Compendium of the Harmful Glacier
  8658 | D:7      | Learned a level 3 spell: Swiftness
  9361 | D:8      | Reached skill level 2 in Transmutations
  9361 | D:8      | Reached skill level 2 in Earth Magic
  9362 | D:8      | Reached skill level 2 in Hexes
  9362 | D:8      | Reached skill level 1 in Air Magic
  9674 | D:8      | Reached XP level 10. HP: 51/51 MP: 10/20
 10041 | D:9      | Noticed Gastronok
 10064 | D:9      | Killed Gastronok
 10065 | D:9      | Reached skill level 6 in Fighting
 10065 | D:9      | Reached skill level 4 in Hexes
 10065 | D:9      | Reached skill level 2 in Air Magic
 10065 | D:9      | Reached skill level 5 in Invocations
 10451 | D:9      | Found a staircase to the Orcish Mines.
 10468 | D:9      | Reached ** piety under Sif Muna
 10654 | D:9      | Identified 2 scrolls of acquirement
 10654 | D:9      | Acquired a staff of conjuration
 10673 | D:9      | Found a staircase to the Lair.
 10805 | D:9      | Learned a level 4 spell: Iskenderun's Mystic Blast
 11225 | D:9      | Reached skill level 1 in Translocations
 11231 | D:9      | Noticed a two-headed ogre
 11243 | D:9      | Killed a two-headed ogre
 11244 | D:9      | Reached skill level 2 in Translocations
 11244 | D:9      | Reached skill level 6 in Invocations
 11244 | D:9      | Reached XP level 11. HP: 58/58 MP: 7/22
 11384 | D:9      | Reached skill level 7 in Fighting
 11395 | D:9      | Reached skill level 7 in Spellcasting
 11709 | Lair:1   | Entered Level 1 of the Lair of Beasts
 11718 | Lair:1   | HP: 4/58 [poisoned by a cane toad]
 11858 | Lair:1   | Noticed Maggie
 11876 | Lair:1   | Reached skill level 3 in Translocations
 11985 | D:10     | Entered Level 10 of the Dungeon
 12058 | D:10     | Found a portal to a secret trove of treasure.
 12414 | D:10     | Noticed Grum
 12786 | D:10     | Reached skill level 7 in Invocations
 12814 | D:10     | Noticed Snorg
 12965 | D:10     | Killed Grum
 13073 | D:10     | Killed Snorg
 13074 | D:10     | Reached skill level 8 in Spellcasting
 13074 | D:10     | Reached skill level 5 in Hexes
 13221 | D:10     | You fall into a shaft and drop 3 floors!
 13234 | D:13     | HP: 5/58 [troll (5)]
 13234 | D:13     | HP: 1/58 [troll (4)]
 13485 | D:13     | Acquired a +5 quick blade
 13506 | D:13     | Noticed a two-headed ogre
 13512 | D:13     | Killed a two-headed ogre
 13859 | D:12     | Noticed a five-headed hydra
 13899 | D:12     | Noticed a deep elf pyromancer
 13905 | D:12     | Killed a deep elf pyromancer
 14058 | D:12     | Reached skill level 4 in Dodging
 14492 | Lair:1   | Noticed a five-headed hydra
 14501 | Lair:1   | Killed a five-headed hydra
 14502 | Lair:1   | Reached skill level 9 in Spellcasting
 14758 | Lair:1   | Reached skill level 5 in Dodging
 14758 | Lair:1   | Reached skill level 1 in Short Blades
 14811 | Lair:1   | Reached *** piety under Sif Muna
 14825 | Lair:1   | Reached skill level 2 in Short Blades
 14844 | Lair:1   | Reached XP level 12. HP: 63/63 MP: 3/26
 15198 | Lair:1   | Noticed a four-headed hydra
 15209 | Lair:1   | Killed a four-headed hydra
 15210 | Lair:1   | Reached skill level 3 in Short Blades
 15457 | Lair:1   | Killed Maggie
 15458 | Lair:1   | Reached skill level 8 in Fighting
 15742 | Lair:1   | Reached skill level 4 in Short Blades
 16699 | Lair:2   | Reached skill level 1 in Long Blades
 16761 | Lair:2   | Noticed a six-headed hydra
 16769 | Lair:2   | Killed a six-headed hydra
 16770 | Lair:2   | Reached skill level 9 in Fighting
 16802 | Lair:2   | Reached skill level 2 in Long Blades
 17659 | Lair:2   | Reached skill level 3 in Long Blades
 17883 | Lair:3   | Found a frozen archway.
 17889 | Lair:3   | Reached **** piety under Sif Muna
 17970 | IceCv    | Entered an ice cave
 18423 | IceCv    | Reached skill level 4 in Long Blades
 18793 | IceCv    | Noticed an ice dragon
 18992 | IceCv    | HP: 4/67 [ice dragon/blast of cold (16)]
 18992 | IceCv    | Slain by a lindwurm simulacrum

Vanquished Creatures
  Gastronok (D:9)
  Snorg (D:10)
  3 hydras
  2 two-headed ogres
  A deep elf pyromancer (D:12)
  2 ice statues (IceCv)
  3 black mambas
  4 cane toads
  Maggie (Lair:1)
  5 rime drakes
  3 komodo dragons
  A troll (D:13)
  A polar bear (Lair:1)
  5 blink frogs
  A hornet (D:10)
  Prince Ribbit (D:5)
  Grinder (D:3)
  13 yaks
  A wyvern (Lair:2)
  Grum (D:10)
  2 steam dragons (D:6)
  Menkaure (D:4)
  3 acid dragons
  6 water moccasins
  A swamp drake (D:9)
  6 orc warriors
  An ice beast (D:6)
  A black bear (D:6)
  2 sky beasts
  3 wolves (D:10)
  3 ogres
  2 phantoms
  5 centaurs
  6 bullfrogs
  A gnoll sergeant (D:7)
  2 scorpions (D:6)
  2 water moccasin zombies
  4 killer bees (D:9)
  2 lindwurm simulacra (IceCv)
  10 wights
  3 centaur zombies
  6 komodo dragon simulacra (IceCv)
  A jelly (D:5)
  2 hounds
  12 orc priests
  An iguana (D:6)
  8 orc wizards
  4 hell rats (Lair:2)
  A killer bee zombie (D:5)
  3 gnolls (D:7)
  4 acid dragon simulacra (IceCv)
  6 adders
  A shadow imp (D:8)
  13 white imps
  2 ufetubi
  3 steam dragon simulacra (IceCv)
  2 worms
  5 dart slugs
  41 orcs
  2 bats
  7 endoplasms
  5 giant cockroaches
  7 hobgoblins
  15 jackals
  11 kobolds
  2 quokkas
  11 ball pythons
  3 frilled lizards
  10 goblins
  5 rats
310 creatures vanquished.

Vanquished Creatures (others)
  53 fulminant prisms
  22 fungi
  11 plants
86 creatures vanquished.

Grand Total: 396 creatures vanquished

Table legend: (Time is in decaauts)
 A = Elapsed time spent in this place.
 B = Non-inter-level travel time spent in this place.
 C = Inter-level travel time spent in this place.
 D = Time resting spent in this place.
 E = Time spent auto-exploring this place.
 F = Levels seen in this place.
 G = Mean time per level.
                   A        B        C        D        E       F      G
               +--------+--------+--------+--------+--------+-----+--------+
         Total |  19021 |  18428 |    593 |   2213 |  12550 |  18 | 1056.7 |
       Dungeon |  14111 |  13577 |    534 |   1267 |   9808 |  13 | 1085.5 |
        Temple |    112 |     97 |     15 |      0 |     48 |   1 |  112.0 |
          Lair |   3771 |   3727 |     44 |    438 |   2591 |   3 | 1257.0 |
      Ice Cave |   1025 |   1025 |      0 |    508 |    103 |   1 | 1025.0 |
               +--------+--------+--------+--------+--------+-----+--------+

Top non-repeatable levels by time:
  Lair:1: 2126 daAuts
     D:9: 1970 daAuts
     D:6: 1843 daAuts
  Lair:2: 1503 daAuts
     D:2: 1381 daAuts
     D:3: 1342 daAuts
    D:10: 1340 daAuts
     D:1: 1202 daAuts
     D:7: 1166 daAuts
     D:8: 1066 daAuts
   IceCv: 1025 daAuts
     D:4: 977 daAuts
     D:5: 927 daAuts
    D:12: 430 daAuts
    D:13: 411 daAuts

Table legend:
 A = Non-vault XP
 B = Vault XP
 C = Vault XP percentage of total XP
 D = Non-vault monster count
 E = Vault monster count
 F = Vault count percentage of total count
                 A         B        C        D         E       F
            +---------+---------+-------+---------+---------+-------
      Total |   18519 |   12506 |  40.3 |     226 |      84 |  27.1
            +---------+---------+-------+---------+---------+-------
        D:1 |      39 |       0 |   0.0 |      23 |       0 |   0.0
        D:2 |      72 |      12 |  14.3 |      24 |       4 |  14.3
        D:3 |      78 |     282 |  78.3 |      23 |       3 |  11.5
        D:4 |     195 |     175 |  47.3 |      15 |       3 |  16.7
        D:5 |     814 |     268 |  24.8 |      24 |       1 |   4.0
        D:6 |    1229 |     358 |  22.6 |      21 |       2 |   8.7
        D:7 |     675 |       0 |   0.0 |      15 |       0 |   0.0
        D:8 |     565 |       0 |   0.0 |      11 |       0 |   0.0
        D:9 |    2266 |    2903 |  56.2 |      17 |      22 |  56.4
       D:10 |    1343 |    1685 |  55.6 |      13 |       5 |  27.8
       D:11 |     112 |       0 |   0.0 |       1 |       0 |   0.0
       D:12 |     865 |       0 |   0.0 |       3 |       0 |   0.0
       D:13 |    1217 |       0 |   0.0 |       2 |       0 |   0.0
     Lair:1 |    6206 |     542 |   8.0 |      20 |       2 |   9.1
     Lair:2 |    1453 |    3653 |  71.5 |       9 |      10 |  52.6
     Lair:3 |    1390 |     122 |   8.1 |       5 |      12 |  70.6
      IceCv |       0 |    2506 | 100.0 |       0 |      20 | 100.0
            +---------+---------+-------+---------+---------+-------
